 Dungeon Crawl Stone Soup version 0.27-a0-54-g64bdb92e38 (webtiles) character file.

Game seed: 5748785180017544162

66 Anias the Sneak (level 4, -1/31 HPs)
             Began as an Octopode Delver on Jan 7, 2021.
             Slain by a gnoll
             ... wielding a +0 halberd
              (13 damage)
             ... on level 3 of the Dungeon.
             The game lasted 00:02:58 (1111 turns).

Anias the Sneak (Octopode Delver)                   Turns: 1111, Time: 00:02:59

Health: -1/31      AC:  1    Str: 17    XL:     4   Next: 15%
Magic:  4/4        EV: 13    Int: 15    God:
Gold:   78         SH:  0    Dex: 14    Spells: 3/3 levels left

rFire    . . .     SeeInvis .   a - +0 falchion
rCold    . . .     Faith    .   (no shield)
rNeg     + . .     Spirit   .   (helmet restricted)
rPois    .         Reflect  .   (no amulet)
rElec    .         Harm     .   h - +6 ring of strength
rCorr    .         Rampage  .   k - ring of positive energy
Will     ++...                  m - ring of the Mage {Wiz Will++ Int+3}
Stlth    ++++......             (no ring)
HPRegen  0.10/turn              (no ring)
MPRegen  0.09/turn              (no ring)
                                (no ring)
                                (no ring)

@: no status effects
A: almost no armour, stealthy swim, amphibious, 8 rings, constrict 8, camouflage
1, gelatinous body 1
a: no special abilities


You were on level 3 of the Dungeon.
You visited 1 branch of the dungeon, and saw 3 of its levels.

You collected 78 gold pieces.

Inventory:

Hand Weapons
 a - a +0 falchion (weapon)
Missiles
 i - 5 boomerangs (quivered)
Jewellery
 h - a +6 ring of strength (left tentacle)
 k - a ring of positive energy (right tentacle)
 m - the ring of the Mage (on tentacle) {Wiz Will++ Int+3}
   (You found it on level 4 of the Dungeon)

   [ring of wizardry]

   It improves your spell success rate.
   It affects your intelligence (+3).
   It affects your willpower, your defense against some magical effects.
Wands
 f - a wand of digging (3)
Scrolls
 b - a scroll of fog
 c - 2 scrolls of magic mapping
 d - a scroll of fear
 g - a scroll of identify {unknown}
 l - a scroll of amnesia {unknown}
 n - a scroll of teleportation {unknown}
 o - a scroll of noise {unknown}
Potions
 e - a potion of haste
 j - 3 potions of curing {unknown}
 p - a potion of lignification {unknown}
 q - a potion of brilliance {unknown}


   Skills:
 - Level 3.0 Fighting
 + Level 3.8 Long Blades
 - Level 2.0 Dodging
 - Level 7.0 Stealth


You had 3 spell levels left.
You didn't know any spells.
Your spell library was empty.

Dungeon Overview and Level Annotations

Branches:
Dungeon (5/15)
 Temple: D:4-7

Altars:
Uskayaw


Innate Abilities, Weirdness & Mutations

You cannot wear most types of armour.
You are very stealthy in the water. (Stealth+)
You are amphibious.
You can wear up to eight rings at the same time.
You can use your tentacles to constrict eight enemies at once.
Your skin changes colour to match your surroundings (Stealth+).
Your rubbery body absorbs attacks. (AC +1, EV +1)


Message History

Things that are here:
a +0 whip; a +0 hunting sling; 4 stones You start resting.
A gnoll comes into view. It is wielding a +0 mace.
The gnoll shouts!
The gnoll barely misses you.
You slash the gnoll! You grab the gnoll.
The gnoll is heavily wounded.
You constrict the gnoll, but do no damage.
The gnoll barely misses you.
You hit the gnoll. You squeeze the gnoll.
You kill the gnoll!
You have reached level 4!
Things that are here:
a +0 mace; a +0 halberd The gnoll closely misses you.
You hit the gnoll. You grab the gnoll. You squeeze the gnoll!
The gnoll is severely wounded.
You constrict the gnoll. The gnoll hits you with a +0 halberd!
You die...

.##########################
.....=..........).........##
#...........†##########..#
##.?..........#...........######
...............)@g...............
##.?......((...#...........######
#............)##....#####.######
#...############....# #.......
#... #....# ##...... #..? #....#
#...... #.. #....# #...... #....#
#....## #..>.# #...†#


You could see a gnoll.

Vanquished Creatures
  A hound skeleton (D:4)
  2 gnolls (D:3)
  A worm (D:4)
  2 dart slugs
  4 orcs
  2 goblins (D:3)
  4 hobgoblins (D:3)
  4 jackals (D:3)
  A ball python (D:3)
  2 frilled lizards (D:3)
23 creatures vanquished.

Notes
Turn   | Place    | Note
-------+----------+-------------------------------------------
     0 | D:5      | Anias the Octopode Delver began the quest for the Orb.
     0 | D:5      | Reached XP level 1. HP: 16/16 MP: 1/1
   348 | D:4      | Reached skill level 7 in Stealth
   348 | D:4      | Reached XP level 2. HP: 7/21 MP: 2/2
   557 | D:4      | Found a hide-covered altar of Uskayaw.
   630 | D:4      | Found the ring of the Mage {Wiz Will++ Int+3}
   631 | D:4      | Reached XP level 3. HP: 26/26 MP: 3/3
  1109 | D:3      | Reached XP level 4. HP: 12/31 MP: 4/4
  1111 | D:3      | Slain by a gnoll

Illustrated notes

Levels and vault maps discovered:
D:3:      layout_basic, kennysheep_okawaru_gauntlet
D:4:      layout_basic, lemuel_round_altar
D:5:      layout_basic, gammafunk_temple_overflow_arena,
          uniq_crazy_yiuf_cottage, uniq_edmund

Skill      XL: |  1  2  3 |
---------------+----------+-----
Stealth        | 7 |  7.0
Long Blades    | 3 |  3.8
Fighting       | |  3.0
Dodging        | |  2.0

Action                   |  1- 3 |  4- 6 || total
-------------------------+-------+-------++-------
Melee: Falchion          |    37 |     1 ||    38
       Constrict         |    15 |     1 ||    16
       Tentacles         |    12 |     1 ||    13
 Stab: Sleeping          |     6 |       ||     6
Dodge: Dodged            |    29 |     1 ||    30
       Rpst.: Falchion   |    11 |       ||    11

Table legend: (Time is in decaauts)
 A = Elapsed time spent in this place.
 B = Non-inter-level travel time spent in this place.
 C = Inter-level travel time spent in this place.
 D = Time resting spent in this place.
 E = Time spent auto-exploring this place.
 F = Levels seen in this place.
 G = Mean time per level.
                   A        B        C        D        E       F      G
               +--------+--------+--------+--------+--------+-----+--------+
         Total |   1114 |   1114 |      0 |    730 |     10 |   3 |  371.3 |
       Dungeon |   1114 |   1114 |      0 |    730 |     10 |   3 |  371.3 |
               +--------+--------+--------+--------+--------+-----+--------+

Top non-repeatable levels by time:
     D:4: 674 daAuts
     D:3: 424 daAuts
     D:5: 16 daAuts
